 Dungeon Crawl Stone Soup version 0.31-a0-237-g2d982f9f85 (webtiles) character file.

Game seed: 17380003371308507705

351 qw the Shooter (level 6, 0/51 HPs)
             Began as a Minotaur Hexslinger on July 10, 2023.
             Slain by an orc
             ... wielding a +0 hand axe
              (1 damage)
             ... on level 4 of the Dungeon.
             The game lasted 00:01:23 (3478 turns).

qw the Shooter (Minotaur Hexslinger)                Turns: 3478, Time: 00:01:23

Health: 0/51       AC:  6    Str: 12    XL:     6   Next: 34%
Magic:  6/6        EV: 11    Int: 10    God:
Gold:   172        SH:  0    Dex: 15    Spells: 6/7 levels left

rFire   . . .        Y - +1 sling
rCold   . . .        (no shield)
rNeg    . . .        h - +0 ring mail
rPois   .            (helmet restricted)
rElec   .            c - +0 cloak
rCorr   .            (no gloves)
SInv    .            (no boots)
Will    .....        (no amulet)
Stlth   +            (no ring)
HPRegen 0.28/turn    (no ring)
MPRegen 0.10/turn

%: no passive effects
@: no status effects
A: horns 2, retaliatory headbutt
a: no special abilities


You were on level 4 of the Dungeon.
You visited 1 branch of the dungeon, and saw 4 of its levels.

You collected 172 gold pieces.


Innate Abilities, Weirdness & Mutations

You have a pair of horns on your head.
You reflexively headbutt those who attack you in melee.


   Skills:
 + Level 3.4 Fighting
 - Level 6.5 Ranged Weapons
 - Level 1.5 Armour
 - Level 2.1 Dodging
 - Level 1.0 Spellcasting
 - Level 2.0 Hexes


You had 6 spell levels left.
You knew the following spells:

 Your Spells              Type           Power      Damage    Failure   Level
a - Slow                  Hex            16%        N/A       32%         1

Your spell library contained the following spells:

 Spells                   Type           Power      Damage    Failure   Level
 Inner Flame              Hex/Fire       2%         N/A       83%         3
 Portal Projectile        Hex/Tloc       4%         N/A       83%         3
 Cause Fear               Hex            2%         N/A       97%         4

Inventory:

Hand Weapons
 Y - a +1 sling (weapon)
Armour
 c - a +0 cloak (worn)
 h - a +0 ring mail (worn)
Scrolls
 a - 3 scrolls of identify
Potions
 b - 2 potions of attraction {unknown}
 e - a potion of curing

Dungeon Overview and Level Annotations

Branches:
Dungeon (4/15)
 Temple: D:4-7

Altars:
Makhleb

Shops:
D:1 *   D:2 (

Annotations:
D:4 Pikel


Message History

You shoot a sling bullet. The sling bullet hits the lemure.
The lemure is lightly wounded.
Pikel says, "All the demons know me.
They respect me."
You shoot a sling bullet. The sling bullet closely misses Pikel.
The sling bullet hits the lemure.
The lemure is moderately wounded.
An orc comes into view. It is wielding a +0 hand axe.
The orc moves out of view.
You shoot a sling bullet.
The sling bullet barely misses the lemure.
You shoot a sling bullet.
The sling bullet barely misses the lemure.
The lemure hits you but does no damage.
A lemure comes into view.
You shoot a sling bullet.
The sling bullet barely misses the lemure.
The lemure shouts!
Pikel hits you with a +0 whip of electrocution.
You are electrocuted!
The lemure hits you.
You shoot a sling bullet.
The sling bullet hits the lemure but does no damage.
The lemure is moderately wounded.
The lemure hits you but does no damage.
Pikel hits you with a +0 whip of electrocution.
You are electrocuted!
A lemure comes into view.
You shoot a sling bullet.
The sling bullet closely misses the lemure.
The sling bullet hits the lemure!
The lemure is moderately wounded.
Pikel hits you but does no damage. The lemure misses you.
A lemure comes into view.
The lemure hits you. The orc hits you with a +0 hand axe.
Pikel hits you with a +0 whip of electrocution!
You shoot a sling bullet.
The sling bullet closely misses the lemure.
The lemure hits you but does no damage.
Pikel hits you with a +0 whip of electrocution.
The orc hits you with a +0 hand axe.
You die...

..#. .... #..# # #..## . #.$. #.
#..# ###.# #..#
#^........###@###
#....#......oK55#...
#....#..###...5.5.... ........
#........##. ##.....###........#
#...## #......##.........####
#....#
.....................####....#
.. ##).................#.......#
.).#......#.....................


You could see Pikel, 4 lemures and an orc.

Vanquished Creatures
  An ogre (D:3)
  A scorpion (D:4)
  2 hounds
  An iguana (D:4)
  3 adders (D:3)
  4 worms
  3 dart slugs
  4 orcs
  5 ball pythons
  6 bats
  8 endoplasms
  6 giant cockroaches
  5 goblins
  7 hobgoblins
  7 quokkas
  A frilled lizard (D:2)
  2 kobolds (D:1)
  8 rats
74 creatures vanquished.

Notes
Turn   | Place    | Note
-------+----------+-------------------------------------------
     0 | D:1      | qw the Minotaur Hexslinger began the quest for the Orb.
     0 | D:1      | Reached XP level 1. HP: 16/16 MP: 1/1
     0 | D:1      | 0 ||| qw: Version: 0.3-a-52-g30416fa
     0 | D:1      | 0 ||| qw: Game counter: 5387
     0 | D:1      | 0 ||| qw: Melee chars always use a shield: true
     0 | D:1      | 0 ||| qw: God list: Okawaru
     0 | D:1      | 0 ||| qw: Allow faded altars: false
     0 | D:1      | 0 ||| qw: Do Orc after clearing Dungeon:15 true
     0 | D:1      | 0 ||| qw: Do second Lair branch before Depths: true
     0 | D:1      | 0 ||| qw: Lair rune preference: random
     0 | D:1      | 0 ||| qw: Goals: Normal
     0 | D:1      | 0 ||| PLANNING D:1-11
   220 | D:1      | Reached skill level 3 in Ranged Weapons
   322 | D:1      | Reached XP level 2. HP: 23/23 MP: 2/2
   323 | D:1      | Found a faded altar of an unknown god.
   410 | D:1      | Found Qotwoh's Assorted Antiques.
   414 | D:1      | 414 ||| SHOPLISTING lumpy inky potion (20 gold, have 15).
   414 | D:1      | 414 ||| SHOPLISTING scroll labelled ARAUFA YSYT (23 gold,
                  | have 15).
   414 | D:1      | 414 ||| SHOPLISTING scroll labelled UNASCH TYACE (23 gold,
                  | have 15).
   714 | D:1      | 714 ||| UPGRADING to +0 ring mail.
   724 | D:1      | 724 ||| DROPPING +0 robe.
   725 | D:1      | 725 ||| READING 3 scrolls labelled CUUPIUCWANG.
   726 | D:1      | 726 ||| DRINKING 2 black potions.
   830 | D:1      | 830 ||| DROPPING 2 scrolls of blinking.
   831 | D:1      | 831 ||| DROPPING scroll of poison.
   832 | D:1      | 832 ||| DROPPING potion of berserk rage.
  1033 | D:2      | Reached XP level 3. HP: 15/29 MP: 3/3
  1225 | D:2      | Noticed a +0 giant spiked club
  1228 | D:2      | Found Saohe's Weapon Emporium.
  1229 | D:2      | 1229 ||| UPGRADING to +0 cloak.
  1235 | D:2      | Noticed a +0 great mace
  1238 | D:2      | 1238 ||| READING scroll labelled ARAUFA YSYT.
  1298 | D:2      | Reached skill level 4 in Ranged Weapons
  1378 | D:2      | 1378 ||| SHOPLISTING +0 arbalest of the Volcano {flame,
                  | Drain Fly rC++ Stlth+} (382 gold, have 101).
  1410 | D:2      | 1410 ||| READING 2 scrolls labelled PILESHRIUPUX.
  1411 | D:2      | 1411 ||| DRINKING 2 glowing dark potions.
  1449 | D:2      | 1449 ||| DRINKING 2 lumpy inky potions.
  1458 | D:2      | 1458 ||| DRINKING 2 bubbling blue potions.
  1459 | D:2      | 1459 ||| DROPPING potion of lignification.
  1460 | D:2      | 1460 ||| DROPPING potion of ambrosia.
  1605 | D:3      | Reached skill level 1 in Armour
  1793 | D:3      | Reached XP level 4. HP: 32/36 MP: 4/4
  1991 | D:3      | Identified the +0 chain mail of Alecuor {*Corrode Fly rF+}
  2074 | D:3      | Found a burning altar of Makhleb.
  2229 | D:3      | Reached skill level 5 in Ranged Weapons
  2631 | D:3      | 2631 ||| READING scroll labelled JUIKOT HUOS.
  2632 | D:3      | 2632 ||| READING 4 scrolls of identify.
  2632 | D:3      | 2632 ||| IDENTIFYING red potion
  2633 | D:3      | 2633 ||| DROPPING potion of degeneration.
  2679 | D:4      | Reached XP level 5. HP: 42/42 MP: 5/5
  2796 | D:4      | Reached skill level 3 in Fighting
  2806 | D:4      | HP: 11/45 [poisoned by a scorpion]
  2858 | D:4      | 2858 ||| FLEEEEING.
  2864 | D:4      | 2864 ||| STAIRDANCE
  2937 | D:3      | 2937 ||| READING scroll labelled IJIDAU NOCA.
  2938 | D:3      | 2938 ||| READING scroll labelled HAEL NADOKKAS.
  2977 | D:4      | HP: 6/45 [iguana (11)]
  3061 | D:4      | 3061 ||| FLEEEEING.
  3062 | D:4      | 3062 ||| FLEEEEING.
  3063 | D:4      | 3063 ||| FLEEEEING.
  3071 | D:4      | 3071 ||| FLEEEEING.
  3072 | D:4      | 3072 ||| FLEEEEING.
  3073 | D:4      | 3073 ||| FLEEEEING.
  3078 | D:4      | 3078 ||| FLEEEEING.
  3079 | D:4      | 3079 ||| STAIRDANCE
  3130 | D:4      | 3130 ||| STAIRDANCE
  3225 | D:4      | 3225 ||| FLEEEEING.
  3226 | D:4      | 3226 ||| FLEEEEING.
  3227 | D:4      | 3227 ||| FLEEEEING.
  3228 | D:4      | 3228 ||| FLEEEEING.
  3228 | D:4      | Noticed an ogre
  3229 | D:4      | 3229 ||| FLEEEEING.
  3230 | D:4      | 3230 ||| FLEEEEING.
  3231 | D:4      | 3231 ||| FLEEEEING.
  3232 | D:4      | 3232 ||| FLEEEEING.
  3233 | D:4      | 3233 ||| FLEEEEING.
  3234 | D:4      | 3234 ||| FLEEEEING.
  3235 | D:4      | 3235 ||| FLEEEEING.
  3236 | D:4      | 3236 ||| STAIRDANCE
  3276 | D:4      | 3276 ||| STAIRDANCE
  3280 | D:3      | HP: 10/45 [ogre/+0 giant spiked club (11)]
  3281 | D:3      | Killed an ogre
  3282 | D:3      | Reached skill level 6 in Ranged Weapons
  3282 | D:3      | Reached XP level 6. HP: 12/51 MP: 6/6
  3467 | D:4      | Noticed Pikel
  3477 | D:4      | HP: 6/51 [Pikel/+0 whip of electrocution (9)]
  3478 | D:4      | HP: 1/51 [Pikel/+0 whip of electrocution (5)]
  3478 | D:4      | Slain by an orc

Levels and vault maps discovered:
D:1:      minmay_arrival_four_circles, layout_basic, serial_shops, shop,
          ebering_ecumenical_altar_mist, nrook_mini_backslash,
          serial_bayou_ford_a
D:2:      layout_rooms, serial_shops, nicolae_shop_mannequins,
          minmay_fractal_squares_gapless_5
D:3:      layout_basic, lightli_temple_of_fire, minmay_quantized
D:4:      layout_cave_pools, uniq_pikel

Skill      XL: |  1  2  3  4  5 |
---------------+----------------+-----
Ranged Weapons | 3 4 5 6 |  6.5
Fighting       | 2 3 |  3.4
Armour         | 1 |  1.5
Dodging        | |  2.1
Spellcasting   | |  1.0
Hexes          | |  2.0

Action                     |  1- 3 |  4- 6 || total
---------------------------+-------+-------++-------
   Fire: Sling             |   139 |   158 ||   297
    Use: Potion            |     4 |       ||     4
         Scroll            |     3 |     4 ||     7
 Armour: Ring mail         |    24 |    36 ||    60
  Dodge: Dodged            |    31 |    66 ||    97

Table legend:
 A = Non-vault XP
 B = Vault XP
 C = Vault XP percentage of total XP
 D = Non-vault monster count
 E = Vault monster count
 F = Vault count percentage of total count
                 A         B        C        D         E       F
            +---------+---------+-------+---------+---------+-------
      Total |     481 |      21 |   4.2 |      63 |      11 |  14.9
            +---------+---------+-------+---------+---------+-------
        D:1 |      25 |       0 |   0.0 |      15 |       0 |   0.0
        D:2 |      33 |       6 |  15.4 |      15 |       5 |  25.0
        D:3 |     234 |      15 |   6.0 |      19 |       6 |  24.0
        D:4 |     189 |       0 |   0.0 |      14 |       0 |   0.0
            +---------+---------+-------+---------+---------+-------
